 Dungeon Crawl Stone Soup version 0.18-a0-1123-gbd92598 (webtiles) character file.

183917 Gruud the Shatterer (level 18, 33/193 HPs)
             Began as an Ogre Warper on Apr 21, 2015.
             Was the Champion of Dithmenos.
             Quit the game on level 4 of the Snake Pit on Jan 19, 2016.
             The game lasted 04:20:10 (30828 turns).

Gruud the Shatterer (Ogre Warper)                  Turns: 30828, Time: 04:20:10

Health: 33/193     AC: 36    Str: 21    XL:     18   Next: 39%
Magic:  21/21      EV: 10    Int: 17    God:    Dithmenos [******]
Gold:   1973       SH:  0    Dex: 10    Spells: 5 memorised, 11 levels left

rFire  + + .     SeeInvis +     a - +8 giant spiked club (venom)
rCold  + + .     Gourm    .     Y - +10 gold dragon armour
rNeg   . . .     Faith    .     (shield currently unavailable)
rPois  +         Spirit   .     T - +0 hat {MR+}
rElec  .         Dismiss  .     k - +2 cloak of Bowipnys {rC+}
rCorr  .         Reflect  .     (gloves unavailable)
SustAt .         Harm     .     (boots unavailable)
MR     ++...     Clarity  +     K - amulet of Ciogep {MPRegen rF+}
Stlth  ..........               V - +3 ring of evasion
                                J - ring of see invisible

@: wreathed by umbra, very resistant to hostile enchantments, extremely
unstealthy
A: unfitting armour, repulsion field 1, slimy green scales 1, clarity, tough
skin 1
a: Shadow Step, Shadow Form, Renounce Religion


You were on level 4 of the Snake Pit.
You worshipped Dithmenos.
Dithmenos was exalted by your worship.
You were not hungry.

You visited 6 branches of the dungeon, and saw 37 of its levels.
You also visited: Trove, Bailey and Ice Cave.

You collected 3585 gold pieces.
You spent 1612 gold pieces at shops.

Inventory:

Hand Weapons
 a - a +8 giant spiked club of venom (weapon)
 b - a +5 blowgun
Missiles
 e - 4 tomahawks of dispersal {!f}
 g - 2 curare-tipped needles
 F - 4 throwing nets
 R - 3 javelins (quivered)
Armour
 k - the +2 cloak of Bowipnys (worn) {rC+}
   (You bought it in a shop on level 4 of the Orcish Mines)

   It protects you from cold.
 T - a +0 hat of magic resistance (worn)
 Y - a +10 gold dragon armour (worn)
Jewellery
 d - an uncursed ring of flight
 n - the ring "Zekut" {*Tele rElec Dex+4}
   (You found it in a treasure trove)

   [ring of teleportation]

   It may teleport you next to monsters.
   It affects your dexterity (+4).
   It insulates you from electricity.
 o - the ring "Gupn" {SustAt Dex+2}
   (You found it in a treasure trove)

   [ring of sustain attributes]

   It sustains your strength, intelligence and dexterity.
   It affects your dexterity (+2).
 r - an uncursed amulet of harm
 J - a ring of see invisible (left hand)
 K - the amulet of Ciogep (around neck) {MPRegen rF+}
   (You found it in a treasure trove)

   [amulet of magic regeneration]

   It increases your magic regeneration.
   It protects you from fire.
 Q - an uncursed amulet of nothing
 V - a +3 ring of evasion (right hand)
Wands
 q - a wand of disintegration (9/24)
 I - a wand of cold (8/15)
 M - a wand of draining (5/15)
 N - a wand of teleportation (2/9)
 X - a wand of teleportation (4/9)
 Z - a wand of cold (8/15)
Scrolls
 c - 4 scrolls of vulnerability
 h - 5 scrolls of recharging
 i - 4 scrolls of summoning
 l - 9 scrolls of identify
 m - a scroll of blinking
 u - 2 scrolls of fog
 w - 3 scrolls of magic mapping
 x - 2 scrolls of holy word
 z - 8 scrolls of remove curse
 G - 8 scrolls of teleportation
 H - 3 scrolls of fear
Potions
 p - 6 potions of restore abilities
 s - 5 potions of heal wounds
 y - 2 potions of haste
 C - 2 potions of cancellation
 D - a potion of berserk rage
 E - 8 potions of curing
 L - 2 potions of resistance
 O - 2 potions of ambrosia
 P - a potion of magic
 S - 4 potions of invisibility
 U - a potion of might
 W - 2 potions of agility
Miscellaneous
 t - a phial of floods
Comestibles
 f - 23 bread rations
 j - 2 slices of pizza
 v - 15 meat rations
 A - 35 fruits
 B - 17 royal jellies


   Skills:
 + Level 15.0 Fighting
 - Level 23.0 Maces & Flails
 + Level 10.8 Throwing
 * Level 15.0 Armour
 - Level 7.5 Dodging
 - Level 2.4 Spellcasting
 - Level 2.1 Translocations


You had 11 spell levels left.
You knew the following spells:

 Your Spells              Type           Power        Failure   Level  Hunger
a - Apportation           Tloc           #.........   100%        1    #......
b - Blink                 Tloc           N/A          100%        2    ##.....
c - Shroud of Golubria    Chrm/Tloc      #.........   100%        2    ##.....
d - Portal Projectile     Tloc           #.....       100%        3    ###....
e - Cure Poison           Pois           #.........   100%        2    ##.....


Dungeon Overview and Level Annotations

Branches:
Dungeon (14/15)            Temple (1/1) D:6            Lair (8/8) D:10
  Swamp (5/5) Lair:5        Snake (5/5) Lair:6        Slime (0/6) Lair:7
    Orc (4/4) D:12            Elf (0/3) Orc:3        Vaults (0/5) D:13

Altars:
Ashenzari
Cheibriados
Dithmenos
Elyvilon
Fedhas
Gozag
Kikubaaqudgha
Makhleb
Okawaru
Qazlal
Ru
Sif Muna
Trog
Vehumet
Xom
Yredelemnul
Zin
The Shining One
Jiyva

Shops:
D:7 *   D:8 ?   D:9 (   Orc:1 }   Orc:3 [   Orc:4 [[[*(

Annotations:
D:2 Sigmund
D:4 Grinder, Menkaure
D:13 1 runed door
Lair:8 Elephant Temple


Innate Abilities, Weirdness & Mutations

You are too large for most types of armour.
You have tough skin (AC +1).
You are surrounded by a mild repulsion field (EV +2).
You are partially covered in slimy green scales (AC +2).
You possess an exceptional clarity of mind.


Message History

You are more poisoned.
You partially resist.
You wake up.
* * * LOW HITPOINT WARNING * * *
Drink which item? (? for menu, Esc to quit)
You feel better. Aizul hits you but does no damage.
Aizul hisses menacingly.
Aizul hits you but does no damage.
You hammer Aizul like a gong!!!
You kill Aizul!
Dithmenos accepts your kill.
Eat which item? (? for menu, Esc to quit)
Mmm...
Ham and pineapple.
You climb upwards.
There is a stone staircase leading down, spattered with blood here.
Saving game... please wait.
Your Throwing skill decreases to level 10!
Welcome back, Gruud the Ogre Warper.
Dithmenos says: Spread the eternal night.
Press ? for a list of commands and other information.
Are you sure you want to abandon this character and quit the game? (Confirm with "yes".)

#..#.##
##.##.####.
##..## ##....##
#. #<..#
##....## #.
#..## ##....##
#. ##..#
##.##### #.
#...# #.#..# ##
#...# #.#.## #<
#...#######.#.#
#.
#....#.#@....)#
####
#...).[.......#
##.##
#...#######...#
#.... #.#.#
#...# #....
##..# ##..#
#.... #...#
#...# #....
#...# #...#
##... #...#
#...# ##..
#...# #...# ##.


There were no monsters in sight!

Vanquished Creatures
  Norris (Snake:4)
  Jorgrun (Snake:3)
  2 thorn hunters
  Donald (Swamp:3)
  Aizul (Snake:5)
  Nessos (Orc:4)
  6 dire elephants (Lair:8)
  8 naga warriors
  16 hydras
  A centaur warrior (D:13)
  8 anacondas
  An ogre mage (D:13)
  8 alligators
  3 orc high priests (Orc:4)
  3 tengu warriors
  3 shock serpents
  8 spriggans
  5 naga sharpshooters
  A salamander mystic (Snake:3)
  A fire crab (Lair:8)
  3 spriggan druids
  An unseen horror (D:10)
  A removed MONS_DEEP_ELF_SUMMONER (Orc:3)
  5 swamp dragons
  A shambling mangrove (Swamp:4)
  2 spectral hydras (Swamp:5)
  2 ice statues (IceCv)
  4 naga ritualists
  3 hill giants
  A wolf spider zombie (D:14)
  8 orc knights
  4 orc sorcerers (Orc:4)
  6 mana vipers
  3 hornets
  2 griffons
  8 salamanders
  A necromancer (IceCv)
  3 ugly things
  2 guardian serpents
  3 manticores
  29 black mambas
  9 elephants
  13 naga magi
  A torpor snail (Lair:4)
  An orange demon (Orc:4)
  15 spiny frogs
  12 komodo dragons
  4 swamp worm zombies (Swamp:5)
  2 fire drakes
  A jumping spider (Orc:4)
  2 hydra zombies (Swamp:5)
  7 trolls
  4 merfolk
  3 polar bears (Lair:7)
  A queen bee (D:12)
  6 removed
  MONS_BLUE_DEVILs (IceCv)
  11 bog bodies
  Prince Ribbit (D:6)
  2 two-headed ogres (D:13)
  4 giant leeches
  10 removed MONS_RAVENs
  15 slime creatures
  3 alligator zombies (Swamp:5)
  8 removed MONS_BABY_ALLIGATORs
  3 spectral swamp dragons (Swamp:5)
  16 blink frogs
  A wyvern (Lair:8)
  A removed MONS_TRAPDOOR_SPIDER (D:13)
  5 shadows
  34 yaks
  A deep elf mage (Orc:4)
  2 steam dragons
  2 hungry ghosts (D:12)
  A wraith (D:11)
  3 basilisks
  10 removed MONS_DEEP_ELF_FIGHTERs
  5 vampire mosquitoes (Swamp:2)
  27 nagas
  3 wargs
  11 hippogriffs
  16 insubstantial wisps (Swamp:2)
  2 mottled dragons
  A soldier ant (D:14)
  31 swamp worms
  6 wolves (Lair:6)
  33 water moccasins
  12 porcupines
  Duvessa (D:5)
  4 phantoms
  5 sky beasts
  10 swamp drakes
  3 ice beasts
  24 orc warriors
  2 necrophages
  11 wasps
  2 black bears (D:12)
  2 swamp dragon zombies (Swamp:5)
  7 ogres
  6 centaurs
  A removed MONS_BRAIN_WORM (D:10)
  15 crocodiles
  A big kobold (D:11)
  14 giant frogs
  A wyvern zombie (D:14)
  Dowan (D:5)
  3 scorpions
  2 troll zombies (D:12)
  18 killer bees
  5 wights
  A beetle (D:10)
  A giant frog zombie (D:9)
  2 centaur zombies
  2 draconian simulacra (IceCv)
  7 crimson imps
  3 giant frog skeletons
  A jelly (D:12)
  26 orc priests
  A quasit (D:11)
  2 centaur skeletons
  7 hounds
  7 iguanas
  28 orc wizards
  3 troll simulacra (IceCv)
  9 worker ants
  A killer bee zombie (D:3)
  5 sheep (Lair:7)
  3 centaur simulacra (IceCv)
  4 ogre zombies (D:12)
  A mummy (D:5)
  3 worker ant zombies
  2 naga simulacra (IceCv)
  9 adders
  61 river rats
  9 gnolls
  6 shadow imps
  2 adder zombies
  2 worms (D:3)
  178 orcs
  A ball python (D:3)
  A bat zombie (D:6)
  A giant cockroach (D:8)
  18 hobgoblins
  4 jackals (D:2)
  5 quokkas
  11 bats
  4 giant geckos
  2 giant gecko skeletons
  3 giant newts
  A giant spore (D:14)
  21 goblins
  A goblin skeleton (D:12)
  5 goblin zombies (D:12)
  A hobgoblin skeleton (D:12)
  17 kobolds
  3 orc skeletons (D:12)
  9 orc zombies (D:12)
  A quokka zombie (D:7)
  32 rats
  3 ballistomycetes
  4 fungi
  4 plants (Lair:8)
1208 creatures vanquished.

Vanquished Creatures (others)
  A spriggan (Swamp:4)
  A vampire mosquito (Swamp:2)
  A wasp (Swamp:4)
  A crimson imp (D:14)
  An orc wizard (D:6)
  A giant spore (D:13)
  A fungus (Lair:2)
  4 plants
11 creatures vanquished.

Grand Total: 1219 creatures vanquished

Notes
Turn   | Place    | Note
--------------------------------------------------------------
     0 | D:1      | Gruud, the Ogre Warper, began the quest for the Orb.
     0 | D:1      | Reached XP level 1. HP: 22/22 MP: 3/3
   321 | D:1      | Reached skill level 3 in Maces & Flails
   469 | D:2      | Reached XP level 2. HP: 23/29 MP: 5/5
   473 | D:2      | Learned a level 2 spell: Blink
   965 | D:2      | Reached XP level 3. HP: 29/36 MP: 6/6
   985 | D:2      | Reached skill level 4 in Maces & Flails
   991 | D:2      | Found a shimmering altar of Xom.
  1272 | D:2      | Noticed Sigmund
  1702 | D:3      | Found an ancient bone altar of Kikubaaqudgha.
  1795 | D:3      | Reached XP level 4. HP: 26/44 MP: 7/7
  2064 | D:3      | Reached skill level 5 in Maces & Flails
  2064 | D:3      | Reached XP level 5. HP: 30/50 MP: 8/8
  2474 | D:3      | Gained mutation: You have a pair of small antennae on your head. [potion of mutation]
  2474 | D:3      | Gained mutation: You possess an exceptional clarity of mind. [potion of mutation]
  2474 | D:3      | Gained mutation: You are partially covered in icy blue scales (AC +1). [potion of mutation]
  2546 | D:3      | Found a deep blue altar of Sif Muna.
  2635 | D:3      | Found a blossoming altar of Fedhas.
  2710 | D:4      | Noticed Menkaure
  2729 | D:3      | Learned a level 2 spell: Shroud of Golubria
  2742 | D:3      | Learned a level 3 spell: Portal Projectile
  3022 | D:4      | Noticed Grinder
  3030 | D:3      | Reached skill level 6 in Maces & Flails
  3030 | D:3      | Reached XP level 6. HP: 37/59 MP: 9/9
  3073 | D:5      | Entered Level 5 of the Dungeon
  3114 | D:5      | Reached skill level 5 in Throwing
  3492 | D:5      | Noticed Duvessa
  3492 | D:5      | Noticed Dowan
  3508 | D:5      | Killed Dowan
  3512 | D:5      | Killed Duvessa
  3512 | D:5      | Reached skill level 7 in Maces & Flails
  3512 | D:5      | Reached XP level 7. HP: 29/66 MP: 10/10
  3716 | D:5      | Lost mutation: You possess an exceptional clarity of mind. [potion of cure mutation]
  3716 | D:5      | Lost mutation: You have a pair of small antennae on your head. [potion of cure mutation]
  3716 | D:5      | Lost mutation: You are partially covered in icy blue scales (AC +1). [potion of cure mutation]
  3722 | D:5      | Reached skill level 8 in Maces & Flails
  3748 | D:5      | HP: 1/66 [sky beast (5)]
  3750 | D:5      | Reached XP level 8. HP: 22/74 MP: 11/11
  4159 | D:6      | Reached skill level 9 in Maces & Flails
  4174 | D:6      | Found a staircase to the Ecumenical Temple.
  4186 | Temple   | Entered the Ecumenical Temple
  4357 | Temple   | Became a worshipper of Dithmenos the Shadowed
  4458 | D:6      | Found a stormy altar of Qazlal.
  4460 | D:6      | Found a burning altar of Makhleb.
  4988 | D:6      | Reached skill level 10 in Maces & Flails
  5246 | D:6      | Noticed Prince Ribbit
  5285 | D:6      | Killed Prince Ribbit
  5285 | D:6      | Reached skill level 11 in Maces & Flails
  5285 | D:6      | Reached XP level 9. HP: 44/84 MP: 12/12
  5589 | D:7      | Found Riururobb's General Store.
  5598 | D:7      | Bought a cursed amulet of inaccuracy for 20 gold pieces
  6060 | D:8      | Found Femes's Magic Scroll Emporium.
  6069 | D:8      | Reached skill level 5 in Fighting
  6069 | D:8      | Reached skill level 12 in Maces & Flails
  6283 | D:8      | Found a bloodstained altar of Trog.
  6507 | D:8      | Reached * piety under Dithmenos
  7045 | D:9      | Reached skill level 13 in Maces & Flails
  7087 | D:9      | Found a deep blue altar of Sif Muna.
  7135 | D:9      | Reached ** piety under Dithmenos
  7165 | D:9      | Wasted Agi pot, Tree form = 1 EV -.-'
  7200 | D:9      | Reached XP level 10. HP: 55/98 MP: 13/13
  7342 | D:9      | Found Utogauhi's Antique Weapon Boutique.
  7351 | D:9      | Bought a glowing blowgun for 60 gold pieces
  7561 | D:10     | Entered Level 10 of the Dungeon
  7630 | D:10     | Noticed a hill giant
  7741 | D:10     | Killed a hill giant
  7741 | D:10     | Reached skill level 14 in Maces & Flails
  7786 | D:10     | Killed an unseen horror
  8096 | D:10     | Reached skill level 15 in Maces & Flails
  8354 | D:10     | Found a staircase to the Lair.
  8372 | Lair:1   | Entered Level 1 of the Lair of Beasts
  8704 | Lair:2   | Noticed a five-headed hydra
  8705 | Lair:2   | Rather not fight hydras without Large Rocks
  8996 | D:11     | Reached *** piety under Dithmenos
  9149 | D:11     | Found a glowing golden altar of the Shining One.
  9304 | D:12     | Reached XP level 11. HP: 109/115 MP: 5/14
  9329 | D:12     | HP: 2/117 [killer bee (4)]
  9332 | D:12     | Found a staircase to the Orcish Mines.
  9357 | D:12     | Reached skill level 16 in Maces & Flails
  9710 | D:12     | Reached skill level 10 in Fighting
  9732 | D:12     | Noticed a hill giant
  9742 | D:12     | Killed a hill giant
  9763 | D:12     | Taking on a bee swarm was stupid, too many pots lost
  9882 | D:12     | Reached **** piety under Dithmenos
  9897 | D:12     | Noticed a hill giant
  9901 | D:12     | Killed a hill giant
  9935 | D:12     | Reached skill level 17 in Maces & Flails
  9982 | D:12     | Noticed a griffon
  9990 | D:12     | Killed a griffon
 10137 | D:12     | Noticed a cyan ugly thing
 10150 | D:12     | Killed a cyan ugly thing
 10290 | D:12     | Found a shadowy altar of Dithmenos.
 10334 | D:12     | Noticed a manticore
 10340 | D:12     | Killed a manticore
 10982 | D:13     | Reached skill level 18 in Maces & Flails
 11171 | D:13     | Reached XP level 12. HP: 102/128 MP: 12/15
 11212 | D:13     | Noticed an ogre mage
 11216 | D:13     | Killed an ogre mage
 11232 | D:13     | Found a gate to the Vaults.
 11400 | D:13     | Noticed a five-headed hydra
 11405 | D:13     | Killed a five-headed hydra
 11528 | D:13     | Reached skill level 19 in Maces & Flails
 11528 | D:13     | Reached skill level 10 in Throwing
 11540 | D:13     | Gained mutation: Your spells are a little harder to cast, but a little more powerful. [mutagenic meat]
 11541 | D:13     | Gained mutation: You are frail (-10% HP). [mutagenic meat]
 11542 | D:13     | Gained mutation: You are surrounded by a mild repulsion field (EV +2). [mutagenic meat]
 11622 | D:13     | Noticed a tengu warrior
 11636 | D:13     | Killed a tengu warrior
 11721 | D:13     | Found a glowing golden altar of the Shining One.
 11722 | D:13     | Found a runed door.
 11722 | D:13     | Noticed an angel
 11995 | D:14     | Found a portal to a secret trove of treasure.
 12065 | D:14     | Noticed a tengu warrior
 12285 | D:14     | GDA!
 12497 | D:13     | Noticed a centaur warrior
 12504 | D:13     | Killed a centaur warrior
 12504 | D:13     | Reached skill level 1 in Armour
 12637 | D:8      | Bought a scroll of enchant armour for 120 gold pieces
 12637 | D:8      | Bought a scroll of enchant armour for 120 gold pieces
 12637 | D:8      | Bought a scroll of enchant weapon for 120 gold pieces
 12637 | D:8      | Bought 2 scrolls of blinking for 240 gold pieces
 12779 | D:14     | Noticed a tengu warrior
 12911 | D:13     | Killed a tengu warrior
 12911 | D:13     | Reached skill level 20 in Maces & Flails
 13115 | D:14     | Killed a tengu warrior
 13115 | D:14     | Reached XP level 13. HP: 73/121 MP: 12/16
 13126 | D:14     | You paid a toll of 5 scrolls of blinking to enter a treasure trove
 13127 | Trove    | Entered a treasure trove
 13142 | Trove    | Got a steaming silver amulet
 13168 | Trove    | Identified the amulet of Ciogep {rCorr rF+} (You found it in a treasure trove)
 13177 | Trove    | Got a transparent platinum ring
 13179 | Trove    | Got a clouded lapis lazuli ring
 13191 | Trove    | Identified the ring "Zekut" {+/*Tele rElec Dex+4} (You found it in a treasure trove)
 13194 | Trove    | Identified the ring "Gupn" {SustAb Dex+2} (You found it in a treasure trove)
 13265 | D:14     | Identified a scroll of acquirement
 13270 | D:13     | No large rocks, but GDA should let me handle hydras
 13665 | Lair:2   | Gained mutation: You are partially covered in slimy green scales (AC +2). [potion of mutation]
 13665 | Lair:2   | Gained mutation: You can translocate small distances at will. [potion of mutation]
 13665 | Lair:2   | Gained mutation: Your body sometimes deteriorates upon taking damage. [potion of mutation]
 13681 | Lair:2   | Killed a five-headed hydra
 14059 | Lair:3   | Found a staircase to the Shoals.
 14973 | Lair:4   | Poison Brand Scroll, it's a start
 14998 | Lair:4   | Does Dithmenos block fire brand effect?
 15313 | Lair:4   | Reached skill level 5 in Armour
 15525 | Lair:5   | Reached skill level 21 in Maces & Flails
 16145 | Lair:5   | Found a staircase to the Swamp.
 16672 | Lair:6   | Reached XP level 14. HP: 92/129 MP: 17/17
 16864 | Lair:6   | Found a staircase to the Snake Pit.
 17339 | Lair:7   | Found a frozen archway.
 17362 | Lair:7   | Reached skill level 22 in Maces & Flails
 17373 | IceCv    | Entered an ice cave
 17671 | IceCv    | Gained mutation: You are agile. (Dex +2) [potion of mutation]
 17671 | IceCv    | Gained mutation: Scrolls take you a little longer to read. [potion of mutation]
 17671 | IceCv    | Gained mutation: Your skin changes colour to match your surroundings (Stealth). [potion of mutation]
 17824 | Lair:7   | Found a viscous altar of Jiyva.
 17824 | Lair:7   | Found a staircase to the Slime Pits.
 18097 | Lair:8   | Entered Level 8 of the Lair of Beasts
 18675 | Lair:8   | Lost mutation: Your spells are a little harder to cast, but a little more powerful. [potion of mutation]
 18675 | Lair:8   | Lost mutation: You can translocate small distances at will. [potion of mutation]
 18676 | Lair:8   | Worth the gamble on that additional cure mut, magic is back
 19234 | Lair:8   | Reached XP level 15. HP: 46/136 MP: 18/18
 19274 | Lair:8   | Learned a level 2 spell: Cure Poison
 19674 | Orc:1    | Entered Level 1 of the Orcish Mines
 19709 | Orc:1    | Found Pulour's Quality Used Wands.
 19732 | Orc:1    | Found a burning altar of Makhleb.
 19878 | Orc:2    | Reached skill level 23 in Maces & Flails
 20067 | Orc:1    | Found a flagged portal.
 20102 | Bailey   | Entered a bailey
 20444 | Bailey   | Reached skill level 5 in Dodging
 20444 | Bailey   | Reached XP level 16. HP: 144/144 MP: 19/19
 20525 | Bailey   | Reached skill level 10 in Armour
 21331 | Orc:3    | Found a staircase to the Elven Halls.
 21359 | Orc:4    | Entered Level 4 of the Orcish Mines
 21613 | Orc:3    | Found Xedut's Antique Armour Boutique.
 21634 | Orc:3    | Bought a glowing hat for 112 gold pieces
 21644 | Orc:3    | I got a hat, a fancy fancy hat.
 21721 | Orc:4    | Found Giofreir's Antique Weapon Emporium.
 22136 | Orc:4    | Noticed Nessos
 22143 | Orc:4    | Killed Nessos
 22693 | Orc:4    | Found Rauficwe's General Store.
 22693 | Orc:4    | Found Yseskuk's Antique Armour Boutique.
 22695 | Orc:4    | Found Agrypod's Antique Armour Emporium.
 22699 | Orc:4    | Found Nudgh's Armour Emporium.
 22744 | Orc:4    | Bought the +2 cloak of Bowipnys {rC+} for 456 gold pieces
 22753 | Orc:4    | Bought a runed hat for 112 gold pieces
 22774 | Orc:4    | Bought an embroidered cloak for 126 gold pieces
 22774 | Orc:4    | Bought an embroidered cloak for 126 gold pieces
 23276 | Swamp:1  | Entered Level 1 of the Swamp
 24485 | Swamp:3  | Noticed a thorn hunter
 24492 | Swamp:3  | Killed a thorn hunter
 24789 | Swamp:3  | Lost mutation: You are agile. (Dex +2) [potion of cure mutation]
 24789 | Swamp:3  | Lost mutation: You are frail (-10% HP). [potion of cure mutation]
 24789 | Swamp:3  | Lost mutation: Your body sometimes deteriorates upon taking damage. [potion of cure mutation]
 24789 | Swamp:3  | Lost mutation: Scrolls take you a little longer to read. [potion of cure mutation]
 24789 | Swamp:3  | Lost mutation: Your skin changes colour to match your surroundings (Stealth). [potion of cure mutation]
 24793 | Swamp:3  | Almost perfect Cure Mut use, down to +2/+2 defense mutations
 24923 | Swamp:3  | Noticed Donald
 24937 | Swamp:3  | Killed Donald
 25272 | Swamp:4  | Reached XP level 17. HP: 178/178 MP: 20/20
 26029 | Swamp:4  | Identified Tutax's Tome of Confrontation
 26105 | Swamp:4  | Enough Mut Gambling for now
 26134 | Swamp:5  | Entered Level 5 of the Swamp
 26438 | Swamp:5  | Spectral end, skipping it for now
 26640 | Swamp:5  | Or not? Can see how bad it is first.
 26923 | Swamp:5  | Wandering Ghost crab worries me
 27094 | Snake:1  | Entered Level 1 of the Snake Pit
 28040 | Snake:2  | Reached skill level 15 in Fighting
 29118 | Snake:3  | Noticed Jorgrun
 29126 | Snake:3  | Killed Jorgrun
 29442 | Snake:3  | Reached XP level 18. HP: 146/193 MP: 21/21
 29945 | Snake:4  | Gained mutation: You possess an exceptional clarity of mind. [potion of beneficial mutation]
 30542 | Snake:4  | Noticed Norris
 30548 | Snake:4  | Paralysed by Norris for 7 turns
 30566 | Snake:4  | Killed Norris
 30727 | Snake:4  | Reached skill level 15 in Armour
 30800 | Snake:5  | Entered Level 5 of the Snake Pit
 30800 | Snake:5  | Noticed Aizul
 30824 | Snake:5  | Killed Aizul
 30828 | Snake:4  | Reduced skill Throwing to level 10
 30828 | Snake:4  | Upgraded the game from 0.17-a0-737-gf0a300a to 0.18-a0-1123-gbd92598
 30828 | Snake:4  | Quit the game

Vault maps used:
D:1:      lemuel_arrival_broad_hall, due_unseen_surprise
D:2:      xom_teletrap_fun, serial_forest, infiniplex_forest_end_2,
          infiniplex_forest_clump_long, infiniplex_forest_clump_small,
          infiniplex_forest_lined_4_way, infiniplex_forest_lined_3_way,
          infiniplex_forest_3_way, uniq_sigmund
D:3:      lemuel_doored_altar, led_sif_pool, lemuel_crystal_altar,
          roderic_roman_lattice
D:4:      lemuel_coloured_pillars_altar, uniq_menkaure, uniq_grinder
D:5:      first_bread, gup_ossuary_entry_pyramid, uniq_edmund, uniq_duvessa
D:6:      pf_overflow_fires_of_destruction, minmay_temple_entry_statues,
          uniq_prince_ribbit1
D:7:      serial_shops, shop
D:8:      lemuel_ratsnest, serial_shops, shop_fountains, basic_altar
D:9:      basic_altar, serial_shops, nicolae_shop_overgrown_old_shop
D:10:     lair_0_dummy, hangedman_pestilent_swarm
D:11:     basic_altar
D:12:     zombieorc1_lemuel, special_room, lemuel_tele_altar
D:13:     david_vaults_2, lemuel_angel_altar
D:14:     serial_shops, nicolae_shop_stone, enter_trove_2, corexii_corridor_pit
Temple:   oiseaux_autumnal_temple_12
Lair:1:   lemuel_fruit_tree
Lair:2:   serial_bayou_shore_a, infiniplex_staircase_pool_2
Lair:3:   elwin_shoals_entry_stream
Lair:5:   minmay_swamp_entry_worms
Lair:6:   dummy_snake_entry, small_statue_intersection, grunt_megastairs_5
Lair:7:   slime_altar_1, portal_ice_cave_entry_animals_and_master,
          serial_bayou_shore_b
Lair:8:   due_jungle_book, minivault_26, serial_bayou_ford_a,
          grunt_megastairs_2, serial_bayou_shore_b
Swamp:1:  evilmike_swamp_ruin_house_5, swamp_pool1
Swamp:2:  hangedman_swamp_lotus
Swamp:3:  infiniplex_staircase_pool, uniq_donald
Swamp:4:  evilmike_swamp_ruin_rubble_1, swamp_pool5, st_swamp_mini
Swamp:5:  swamp_pestilence
Snake:2:  nicolae_snake_salamander_stairs
Snake:3:  uniq_jorgrun
Snake:4:  uniq_norris
Snake:5:  grunt_snake_rune_serpentine_throne, basic_altar,
          corexii_hall_statues_x, uniq_aizul
Orc:1:    basic_altar, lightli_bailey_entry_fortress, nicolae_orc_bridge_out,
          nicolae_for_you_no_charge
Orc:3:    serial_shops, shop, nicolae_orc_pool_cavern, mines3_lemuel
Orc:4:    st_orc_elflike, serial_shops, nicolae_shop_behind_doors,
          elves_outpost_lemuel, uniq_nessos
Trove:    trove_jewellery_lava
Bailey:   bailey_polearm_5, bailey
IceCv:    ice_cave_tombish

Action                   |  1- 3 |  4- 6 |  7- 9 | 10-12 | 13-15 | 16-18 || total
-------------------------+-------+-------+-------+-------+-------+-------++-------
Melee: Mace              |    91 |       |       |       |       |       ||    91
       Whip              |    75 |   168 |       |       |       |       ||   243
       Morningstar       |       |    50 |    63 |       |       |       ||   113
       Giant club        |       |       |   286 |       |       |       ||   286
       Giant spiked club |       |       |    76 |   483 |   923 |  1446 ||  2928
 Fire: Hunting sling     |       |    14 |     2 |       |       |       ||    16
       Blowgun           |       |       |    31 |   121 |     3 |       ||   155
Throw: Stone             |    16 |    19 |     6 |       |       |       ||    41
       Tomahawk          |       |    11 |     2 |    26 |     6 |    18 ||    63
       Javelin           |       |       |    11 |    20 |    65 |    22 ||   118
 Cast: Blink             |     2 |     2 |       |       |       |       ||     4
       Shroud of Golubri |       |     2 |     2 |     4 |       |       ||     8
       Portal Projectile |       |       |       |     2 |       |       ||     2
Evoke: Wand              |       |       |       |       |       |     2 ||     2
  Use: Potion            |     3 |     3 |     5 |     7 |     4 |    11 ||    33
       Scroll            |       |     8 |     2 |    16 |    21 |    16 ||    63
 Stab: Sleeping          |       |     1 |       |     1 |       |       ||     2
       Distracted        |       |       |       |     1 |     2 |       ||     3
       Invisible         |       |       |       |       |       |     5 ||     5
  Eat: Chunk             |     3 |     6 |    13 |    18 |    24 |    26 ||    90
       Beef jerky        |       |       |       |     5 |       |     2 ||     7
       Pizza             |       |       |       |     1 |       |     5 ||     6
